 Dungeon Crawl Stone Soup version 0.15-a0-352-ge70f4b7 (webtiles) character file.

181 sasha the Cudgeler (level 4, -1/37 HPs)
             Began as a Minotaur Gladiator on Apr 29, 2014.
             Slain by a hippogriff (8 damage)
             ... on Level 3 of the Dungeon.
             The game lasted 00:03:01 (1417 turns).

sasha the Cudgeler (Minotaur Gladiator)             Turns: 1417, Time: 00:03:01

HP  -1/37        AC  4     Str 20      XL: 4   Next: 11%
MP   2/2         EV 12     Int  5      God:
Gold 106         SH  0     Dex 11      Spells:  0 memorised,  3 levels left

rFire  . . .     SeeInvis .     a - +0 flail
rCold  . . .     Clarity  .     b - +0 leather armour
rNeg   . . .     Conserve .     (no shield)
rPois  .         rCorr    .     c - +0 hat
rElec  .         rRot     .     g - +0 cloak
SustAb . .       Spirit   .     (no gloves)
rMut   .         Warding  .     (no boots)
Saprov . . .     Stasis   .     (no amulet)
MR     .....                    (no ring)
                                (no ring)

@: flying, not resistant to hostile enchantments, very unstealthy
A: retaliatory headbutt, horns 2
a: no special abilities


You were on level 3 of the Dungeon.
You were hungry.

You visited 1 branch of the dungeon, and saw 3 of its levels.

You collected 106 gold pieces.

Inventory:

Hand weapons
 a - a +0,+0 flail (weapon)
Missiles
 d - 3 throwing nets (quivered)
Armour
 b - a +0 leather armour (worn)
 c - a +0 hat (worn)
 g - a +0 cloak (worn)
 u - a cursed +0 ring mail
Magical devices
 p - a wand of magic darts (6)
Comestibles
 f - 3 bread rations
 m - an apple
 w - a sausage
Scrolls
 i - a scroll of remove curse
 j - 2 scrolls of identify {unknown}
 l - 2 scrolls of enchant weapon II {unknown}
 q - a scroll of random uselessness {unknown}
 r - a scroll of fog {unknown}
 s - a scroll of enchant weapon I {unknown}
 v - a scroll of enchant armour {unknown}
Jewellery
 h - a +3 ring of evasion {unknown}
Potions
 e - a potion of restore abilities {unknown}
 k - a potion of flight
 n - a potion of haste {unknown}
 o - a potion of curing
 t - a potion of brilliance {unknown}


   Skills:
 - Level 2.4 Fighting
 + Level 6.0 Maces & Flails
 - Level 2.0 Throwing
 - Level 3.2 Dodging


You had 3 spell levels left.
You didn't know any spells.

Dungeon Overview and Level Annotations

Branches:
Dungeon (3/15)

Altars:
Gozag


Innate Abilities, Weirdness & Mutations

You reflexively headbutt those who attack you in melee.
You have a pair of horns on your head.


Message History

The hippogriff is severely wounded.
The hippogriff bites you.
* * * LOW HITPOINT WARNING * * *
The hippogriff barely misses you. The hippogriff closely misses you.
You barely miss the hippogriff.
The hippogriff is heavily wounded.
The hippogriff closely misses you. The hippogriff pecks you.
* * * LOW HITPOINT WARNING * * *
The hippogriff claws you.
* * * LOW HITPOINT WARNING * * *
You closely miss the hippogriff.
The hippogriff is heavily wounded.
The hippogriff bites you but does no damage.
The hippogriff pecks you.
* * * LOW HITPOINT WARNING * * *
The hippogriff claws you.
* * * LOW HITPOINT WARNING * * *
Drink which item? (? for menu, Esc to quit)
You feel better.
It was a potion of curing.
The hippogriff bites you!
You die...

# ##...######
o.......%.#
#....####.# .
#.# #
#.#####.#..####
#...@Ho....<....
#######.#..####
#.#..... #.#
.### #.# .# ..#
# ###


You could see a hippogriff and an orc.

Vanquished Creatures
  4 adders
  2 giant geckos (D:1)
  2 giant cockroaches
  5 goblins
  4 hobgoblins
  4 jackals (D:1)
  A quokka (D:2)
  A ball python (D:1)
  3 bats
  4 kobolds
  3 rats
33 creatures vanquished.

Vanquished Creatures (others)
  5 toadstools (D:1)
5 creatures vanquished.

Grand Total: 38 creatures vanquished

Notes
Turn   | Place    | Note
--------------------------------------------------------------
     0 | D:1      | sasha, the Minotaur Gladiator, began the quest for the Orb.
     0 | D:1      | Reached XP level 1. HP: 18/18 MP: 1/1
   113 | D:1      | Reached skill level 4 in Maces & Flails
   139 | D:1      | Reached XP level 2. HP: 16/25 MP: 1/1
   771 | D:2      | Reached skill level 5 in Maces & Flails
   839 | D:2      | Reached XP level 3. HP: 25/30 MP: 2/2
  1312 | D:2      | Found an opulent altar of Gozag.
  1398 | D:3      | Reached skill level 6 in Maces & Flails
  1398 | D:3      | Reached XP level 4. HP: 35/37 MP: 2/2
  1401 | D:3      | Noticed a hippogriff
  1416 | D:3      | HP: 1/37 [hippogriff (3)]
  1417 | D:3      | Slain by a hippogriff

Action                   |  1- 3 |  4- 6 || total
-------------------------+-------+-------++-------
Melee: Flail             |    72 |     6 ||    78
Evoke: Wand              |     1 |       ||     1
  Use: Scroll            |     1 |       ||     1
       Potion            |       |     2 ||     2
